 Dungeon Crawl Stone Soup version 0.29.1-12-g30fa7ad0bf (webtiles) character file.

Game seed: 12762500114458295911

126 DildoBatman the Conjurer (level 5, -5/38 HPs)
             Began as a Formicid Conjurer on Jan 3, 2023.
             Slain by a gnoll bouda
             ... wielding a +0 whip
              (11 damage)
             ... on level 4 of the Dungeon.
             The game lasted 00:06:45 (2669 turns).

DildoBatman the Conjurer (Formicid Conjurer)        Turns: 2669, Time: 00:06:46

Health: -5/38      AC:  2    Str: 11    XL:     5   Next: 32%
Magic:  6/9        EV: 12    Int: 20    God:
Gold:   147        SH:  0    Dex: 12    Spells: 4/10 levels left

rFire   . . .      SeeInvis +   a - +1 dagger (freeze)
rCold   . . .      Faith    .   (no shield)
rNeg    . . .      Spirit   .   i - +0 robe
rPois   .          Reflect  .   (helmet unavailable)
rElec   .          Harm     .   (no cloak)
rCorr   .          Rampage  .   (no gloves)
Will    .....                   (no boots)
Stlth   ++........              (no amulet)
HPRegen 0.12/turn               (no ring)
MPRegen 0.11/turn               (no ring)

@: very slightly contaminated
A: permanent stasis, dig shafts and tunnels, antennae 3, four strong arms
a: Dig, Shaft Self


You were on level 4 of the Dungeon.
You visited 1 branch of the dungeon, and saw 4 of its levels.

You collected 147 gold pieces.

Inventory:

Hand Weapons
 a - a +1 dagger of freezing (weapon)
 b - a +0 quarterstaff
 d - a +0 dagger of venom
Missiles
 g - 21 stones
 r - a boomerang
Armour
 i - a +0 robe (worn)
Magical Staves
 w - a staff of earth
Wands
 m - a wand of acid (9)
Scrolls
 s - 2 scrolls of butterflies
 z - a scroll of identify
Potions
 c - 3 potions of heal wounds {unknown}
 e - 2 potions of curing {unknown}
 l - a potion of lignification {unknown}
 n - a potion of magic
 o - a potion of cancellation {unknown}
 p - a potion of haste {unknown}
 q - a potion of mutation {unknown}
 t - a potion of attraction {unknown}


   Skills:
 * Level 2.1 Fighting
 * Level 2.0 Armour
 - Level 2.0 Dodging
 - Level 2.4 Stealth
 * Level 3.1 Spellcasting
 - Level 4.0 Conjurations
 * Level 1.4 Ice Magic


You had 4 spell levels left.
You knew the following spells:

 Your Spells              Type           Power      Damage    Failure   Level
a - Searing Ray           Conj           38%        2d5       4%          2
b - Frozen Ramparts       Ice            18%        1d3       22%         3
c - Magic Dart            Conj           76%        1d6       2%          1

Your spell library contained the following spells:

 Spells                   Type           Power      Damage    Failure   Level
 Freeze                   Ice            36%        1d6       8%          1
 Dazzling Flash           Conj/Hex       22%        N/A       19%         3
 Hailstorm                Conj/Ice       14%        3d5       41%         4
 Fulminant Prism          Conj/Hex       5%         3d7       52%         4
 Iskenderun's Mystic Bla  Conj/Tloc      11%        2d4       52%         4


Dungeon Overview and Level Annotations

Branches:
Dungeon (4/15)
 Temple: D:4-7

Altars:
Okawaru

Annotations:
D:4 1 runed translucent door, exclusions: necrophage, scorpion and 1 more exclusion


Innate Abilities, Weirdness & Mutations

You cannot be hasted, slowed, berserked, paralysed or teleported.
You can dig through walls and to a lower floor.
You have a pair of large antennae on your head. (SInv)
Your four strong arms can wield two-handed weapons with a shield.


Message History

Your attacks no longer feel as feeble.
The gnoll bouda gazes fiercely through you!
You feel your attacks grow feeble. The gnoll bouda misses you.
You hit the gnoll bouda but do no damage.
The gnoll bouda is severely wounded.
The gnoll bouda hits you with a +0 whip!
You barely miss the gnoll bouda.
The gnoll bouda is severely wounded.
The gnoll bouda hits you with a +0 whip!
You hit the gnoll bouda but do no damage.
The gnoll bouda is severely wounded.
The gnoll bouda prays to its god.
The gnoll bouda is healed somewhat.
Unknown command.
The gnoll bouda attacks as you move away!
The gnoll bouda hits you with a +0 whip!
There is a stone staircase leading up here.
Things that are here:
2 scrolls of teleportation; a +0 short sword Magic courses through your body.
The gnoll bouda closely misses you.
Casting: Searing Ray (safe; 4% risk of failure)
Confirm with . or Enter, or press ? or * to list all spells.
Aiming: Searing Ray (safe; 4% risk of failure)
Press: ? - help, Shift-Dir - straight line, f/p - gnoll bouda
Aim: a gnoll bouda, wielding a +0 whip and wearing a +0 leather armour (heavily wounded, 81% to hit)
Okay, then.
Casting: Searing Ray (safe; 4% risk of failure)
Confirm with . or Enter, or press ? or * to list all spells.
The spell is quite dangerous to miscast (22% risk of failure)!
Continue anyway?
Casting: Frozen Ramparts (quite dangerous; 22% risk of failure)
Press: ? - help, Dir - look around, f - activate A stone staircase leading up.
You miscast Frozen Ramparts.
You are very lightly contaminated with residual magic.
Nothing appears to happen.
Your attacks no longer feel as feeble.
The gnoll bouda hits you with a +0 whip!
You die...

..<..#..#
.#.#.#..#
.#.#.#..#
..{..#.g#
≈≈...#..#
≈≈≈.{#..#
_≈≈..#..#
≈≈≈..#..##########
≈≈...#.........g@#
.....#.########.##
.#.#.#.# #.#
...#.#.# #.#
[....#.# #.#
######.# #.# ###
#.# #.# #.##


You could see a gnoll bouda.

Vanquished Creatures
  A hound (D:3)
  An orc wizard (D:3)
  2 adders
  A worm (D:2)
  4 orcs (D:3)
  4 endoplasms
  3 giant cockroaches
  3 goblins
  6 hobgoblins
  3 jackals (D:2)
  4 kobolds
  2 quokkas (D:3)
  4 ball pythons
  3 bats
  2 frilled lizards
  3 rats (D:2)
46 creatures vanquished.

Notes
Turn   | Place    | Note
-------+----------+-------------------------------------------
     0 | D:1      | DildoBatman the Formicid Conjurer began the quest for the
                  | Orb.
     0 | D:1      | Reached XP level 1. HP: 13/13 MP: 3/3
    19 | D:1      | Found a faded altar of an unknown god.
   476 | D:1      | Reached XP level 2. HP: 20/20 MP: 0/5
   479 | D:1      | Learned a level 2 spell: Searing Ray
   797 | D:2      | Reached skill level 1 in Armour
   988 | D:2      | Reached skill level 1 in Fighting
   988 | D:2      | Reached XP level 3. HP: 26/26 MP: 4/6
  1148 | D:2      | Learned a level 3 spell: Frozen Ramparts
  1806 | D:3      | Reached skill level 4 in Conjurations
  1806 | D:3      | Reached XP level 4. HP: 21/32 MP: 1/8
  1975 | D:3      | Reached skill level 1 in Ice Magic
  2281 | D:3      | Reached XP level 5. HP: 38/38 MP: 4/9
  2437 | D:4      | Found a runed translucent door.
  2552 | D:4      | Found an iron altar of Okawaru.
  2669 | D:4      | Slain by a gnoll bouda

Illustrated notes

Levels and vault maps discovered:
D:1:      mushboom_english_gardens, layout_basic, basic_ecumenical_altar
D:2:      layout_basic, minmay_tiny_reverse_x
D:3:      layout_rooms, glass_columns_b
D:4:      layout_basic, mainiacjoe_overflow_catwalk,
          mainiacjoe_overflow_concentric_impassable, gammafunk_ghost_necromancy,
          serial_shops, nicolae_shop_advertising_works
          [nicolae_subvault_shop_adworks], nicolae_shop_trees,
          chequers_serial_rivers_small_a, uniq_crazy_yiuf_cottage, uniq_duvessa

Skill      XL: |  1  2  3  4 |
---------------+-------------+-----
Armour         | 1 2 |  2.0
Dodging        | 2 |  2.0
Fighting       | 1 2 |  2.1
Conjurations   | 4 |  4.0
Ice Magic      | 1 |  1.4
Spellcasting   | 3 |  3.1
Stealth        | |  2.4

Action                   |  1- 3 |  4- 6 || total
-------------------------+-------+-------++-------
Melee: Dagger            |     9 |     7 ||    16
       Short sword       |     9 |       ||     9
 Cast: Magic Dart        |    52 |    36 ||    88
       Searing Ray       |     2 |     4 ||     6
  Use: Scroll            |       |     2 ||     2
       Potion            |       |     1 ||     1
 Stab: Sleeping          |     1 |       ||     1
Armor: Robe              |     7 |       ||     7
Dodge: Dodged            |    20 |    10 ||    30
